 Dungeon Crawl Stone Soup version 0.24-a0-292-g5c6fb1c (webtiles) character file.

Game seed: 14609338377629564158

557 nikopol the Magician (level 7, -3/36 HPs)
             Began as a Deep Elf Fire Elementalist on May 10, 2019.
             Was an Initiate of Vehumet.
             Shot with an arrow by a centaur (12 damage)
             ... on level 5 of the Dungeon.
             The game lasted 00:09:14 (3879 turns).

nikopol the Magician (Deep Elf Fire Elementalist)   Turns: 3879, Time: 00:09:14

Health: -3/36      AC:  2    Str:  5    XL:     7   Next: 9%
Magic:  17/18      EV: 13    Int: 22    God:    Vehumet [......]
Gold:   168        SH:  0    Dex: 15    Spells: 3/18 levels left

rFire    . . .     SeeInvis .   s - +0 dagger (venom)
rCold    . . .     Gourm    .   (no shield)
rNeg     . . .     Faith    .   a - +0 robe
rPois    .         Spirit   .   (no helmet)
rElec    .         Reflect  .   (no cloak)
rCorr    .         Harm     .   (no gloves)
MR       .....                  (no boots)
Stlth    ++........             (no amulet)
HPRegen  0.12/turn              (no ring)
MPRegen  0.16/turn              (no ring)

@: no status effects
A: no striking features
a: Renounce Religion


You were on level 5 of the Dungeon.
You worshipped Vehumet.
Vehumet was noncommittal.
You were not hungry.

You visited 2 branches of the dungeon, and saw 6 of its levels.

You collected 168 gold pieces.

Inventory:

Hand Weapons
 h - a +0 dagger
 s - a +0 dagger of venom (weapon)
Armour
 a - a +0 robe (worn)
Wands
 o - a wand of disintegration (10)
 q - a wand of iceblast (9)
 u - a wand of random effects (24)
Scrolls
 b - 3 scrolls of identify {unknown}
 d - 5 scrolls of remove curse {unknown}
 e - 2 scrolls of immolation {unknown}
 f - a scroll of fear {unknown}
 m - a scroll of fog {unknown}
 v - a scroll of random uselessness {unknown}
 w - 3 scrolls of amnesia {unknown}
Potions
 g - 5 potions of mutation {unknown}
 i - a potion of agility {unknown}
 j - a potion of berserk rage {unknown}
 k - a potion of ambrosia {unknown}
 n - a potion of curing
 p - a potion of flight {unknown}
 r - 2 potions of haste {unknown}
 t - a potion of degeneration {unknown}
Comestibles
 c - 9 rations
 l - a chunk of flesh


   Skills:
 + Level 2.6 Dodging
 + Level 2.8 Stealth
 + Level 6.4 Spellcasting
 + Level 4.3 Conjurations
 + Level 5.8 Fire Magic


You had 3 spell levels left.
You knew the following spells:

 Your Spells              Type           Power        Failure   Level  Hunger
a - Flame Tongue          Conj/Fire      ####.        1%          1    None
b - Throw Flame           Conj/Fire      ####..       1%          2    None
c - Conjure Flame         Conj/Fire      ####....     3%          3    #......
d - Sticky Flame          Conj/Fire      ####....     11%         4    ###....
e - Fireball              Conj/Fire      ####......   30%         5    #####..

Your spell library contained the following spells:

 Spells                   Type           Power        Failure   Level  Hunger
 Inner Flame              Hex/Fire       ###.....     8%          3    #......


Dungeon Overview and Level Annotations

Branches:
Dungeon (5/15)             Temple (1/1) D:4

Altars:
Cheibriados
Elyvilon
Gozag
Hepliaklqana
Nemelex Xobeh
Ru
Vehumet
Wu Jian
Xom


Message History

The centaur wields a +0 shortbow.
The centaur shoots an arrow.
The arrow hits you!
The orc priest calls upon Beogh to heal the orc.
The orc's wounds heal themselves!
Casting: Flame Tongue (safe; 1% risk of failure)
Confirm with . or Enter, or press ? or * to list all spells.
Aiming: Flame Tongue (safe; 1% risk of failure)
Press: ? - help, Shift-Dir - straight line, f/p - orc
Aim: an orc, wielding a +2 vampiric trident The flame tongue hits the orc!
You kill the orc!
Vehumet accepts your kill.
The centaur shoots an arrow.
The arrow completely misses you.
The centaur shoots an arrow.
The arrow hits you!
* * * LOW HITPOINT WARNING * * *
The centaur shoots an arrow.
The arrow misses you.
You see here an arrow.
Okay, then.
The centaur shoots an arrow.
The arrow hits you!
You die...

.............##.#....(......
..$..........##.###...).....
.>.........................
≈≈≈≈>.............(........
#≈.......................
+........................
.≈###≈...............#.......
.≈≈≈≈≈.......................
.....o/(.(..@.......##.......
....)c......................
.....o..._............ .....
....................
..........##........
.....#######........ ###..
#........ ... .......#.


You could see a centaur, an orc priest and an orc.

Vanquished Creatures
  Sigmund (D:3)
  2 orc priests (D:4)
  A bullfrog skeleton (D:5)
  2 iguanas (D:4)
  An orc wizard (D:4)
  A worker ant zombie (D:5)
  4 gnolls
  5 adders
  An ooze (D:2)
  2 worms (D:2)
  5 dart slugs
  4 leopard geckos (D:2)
  15 orcs
  A ball python (D:2)
  7 giant cockroaches
  8 goblins
  8 hobgoblins
  8 jackals
  10 kobolds
  A quokka (D:2)
  7 bats
  8 frilled lizards
  2 jackal skeletons (D:4)
  7 rats
111 creatures vanquished.

Notes
Turn   | Place    | Note
-------+----------+-------------------------------------------
     0 | D:1      | nikopol the Deep Elf Fire Elementalist began the quest for
                  | the Orb.
     0 | D:1      | Reached XP level 1. HP: 10/10 MP: 6/6
   110 | D:1      | Reached XP level 2. HP: 15/15 MP: 1/8
   509 | D:1      | Reached XP level 3. HP: 15/19 MP: 1/10
   513 | D:1      | Learned a level 2 spell: Throw Flame
   517 | D:1      | Learned a level 3 spell: Conjure Flame
   822 | D:2      | Reached skill level 4 in Spellcasting
   850 | D:2      | Reached XP level 4. HP: 19/24 MP: 8/12
  1398 | D:2      | Found a hazy altar of Hepliaklqana.
  1652 | D:3      | Learned a level 4 spell: Sticky Flame
  1766 | D:3      | Found a faded altar of an unknown god.
  1977 | D:3      | Noticed Sigmund
  1989 | D:3      | Killed Sigmund
  1989 | D:3      | Reached skill level 5 in Spellcasting
  1989 | D:3      | Reached skill level 5 in Fire Magic
  1989 | D:3      | Reached XP level 5. HP: 21/28 MP: 0/15
  1989 | D:3      | Reached XP level 6. HP: 24/32 MP: 0/16
  1996 | D:3      | Learned a level 5 spell: Fireball
  2256 | D:3      | Found a sacrificial altar of Ru.
  2795 | D:4      | Reached skill level 6 in Spellcasting
  3021 | D:4      | Found a staircase to the Ecumenical Temple.
  3029 | Temple   | Entered the Ecumenical Temple
  3036 | Temple   | Became a worshipper of Vehumet
  3103 | D:4      | Found an opulent altar of Gozag.
  3408 | D:4      | Found a white marble altar of Elyvilon.
  3524 | D:5      | Entered Level 5 of the Dungeon
  3537 | D:5      | Got a blackened dagger
  3538 | D:5      | Identified the +9 dagger of the Undead {antimagic, rElec
                  | rF+ rN+ Stlth+} (You found it on level 5 of the Dungeon)
  3605 | D:5      | Reached XP level 7. HP: 28/36 MP: 12/18
  3862 | D:5      | Found an ornate altar of the Wu Jian Council.
  3879 | D:5      | Shot with an arrow by a centaur

Levels and vault maps discovered:
D:1:      dpeg_arrival_prison, layout_basic
D:2:      layout_loops_ring, old_standard_altar
D:3:      layout_loops_ring, marbit_many_paths,
          chequers_ecumenical_altar_island, first_ration, serial_forest,
          infiniplex_forest_zigzag_1, infiniplex_forest_straight_3,
          infiniplex_forest_end_1, infiniplex_forest_straight_3,
          infiniplex_forest_straight_2, infiniplex_forest_end_2,
          infiniplex_forest_zigzag_1, uniq_sigmund
D:4:      layout_loops_cross, lemuel_coloured_pillars_altar,
          overflow_temple_1_default, temple_doors_ab
D:5:      layout_rooms, kennysheep_mini_moat, lemuel_doored_altar,
          overflow_temple_1_default, minmay_fractal_squares_gapless_5,
          uniq_pikel
Temple:   compressed_dpeg_triangle_lava_temple

Skill      XL: |  1  2  3  4  5  6 |
---------------+-------------------+-----
Fire Magic     | 4 5 |  5.8
Spellcasting   | 4 5 6 |  6.4
Conjurations   | 3 4 |  4.3
Dodging        | |  2.6
Stealth        | |  2.8

Action                   |  1- 3 |  4- 6 |  7- 9 || total
-------------------------+-------+-------+-------++-------
Melee: Dagger            |       |     1 |       ||     1
 Cast: Flame Tongue      |    66 |   132 |    15 ||   213
       Conjure Flame     |       |     2 |       ||     2
       Throw Flame       |       |     4 |       ||     4
       Sticky Flame      |       |     3 |     1 ||     4
  Eat: Chunk             |       |     8 |     1 ||     9
Armor: Robe              |     4 |     3 |       ||     7
Dodge: Dodged            |    28 |    17 |    11 ||    56

Table legend:
 A = Non-vault XP
 B = Vault XP
 C = Vault XP percentage of total XP
 D = Non-vault monster count
 E = Vault monster count
 F = Vault count percentage of total count
                 A         B        C        D         E       F
            +---------+---------+-------+---------+---------+-------
      Total |     568 |     228 |  28.6 |     107 |       4 |   3.6
            +---------+---------+-------+---------+---------+-------
        D:1 |      42 |       5 |  10.6 |      22 |       3 |  12.0
        D:2 |     118 |       0 |   0.0 |      34 |       0 |   0.0
        D:3 |      25 |     223 |  89.9 |      15 |       1 |   6.2
        D:4 |     266 |       0 |   0.0 |      29 |       0 |   0.0
        D:5 |     117 |       0 |   0.0 |       7 |       0 |   0.0
            +---------+---------+-------+---------+---------+-------
